 Dungeon Crawl Stone Soup version 0.22.1-5-g62c59d919a (console) character file.

628 rafko the Cleaver (level 7, 0/61 HPs)
             Began as a Deep Dwarf Chaos Knight on Jan 16, 2019.
             Slain by an ogre
             ... wielding a +0 giant club
              (20 damage)
             ... on level 6 of the Dungeon.
             The game lasted 00:09:21 (2316 turns).

rafko the Cleaver (Deep Dwarf Chaos Knight)         Turns: 2316, Time: 00:09:23

Health: 0/61       AC:  7    Str: 16    XL:     7   Next: 23%
Magic:  6/6        EV: 11    Int: 14    God:    Xom [...*..]
Gold:   150        SH:  0    Dex: 12    Spells: 6/6 levels left

rFire    . . .     SeeInvis .   a - +0 hand axe (chaos)
rCold    + . .     Gourm    .   (no shield)
rNeg     . . .     Faith    .   b - +2 leather armour
rPois    +         Spirit   .   f - +0 helmet
rElec    .         Reflect  .   (no cloak)
rCorr    .         Harm     .   d - +0 pair of gloves
MR       +....                  (no boots)
Stlth    +.........             h - amulet "Heapt" {Acrobat *Contam rPois rC+}
HPRegen  0.00/turn              (no ring)
MPRegen  0.10/turn              (no ring)

@: non-regenerating
A: damage resistance, heal wounds, sense surroundings 1, no regeneration
a: Heal Wounds, Renounce Religion


You were on level 6 of the Dungeon.
You worshipped Xom.
You were a favourite toy of Xom.
You were not hungry.

You visited 1 branch of the dungeon, and saw 6 of its levels.

You collected 150 gold pieces.

Inventory:

Hand Weapons
 a - a +0 hand axe of chaos (weapon)
 t - a +0 war axe
Armour
 b - a +2 leather armour (worn)
 d - a +0 pair of gloves (worn)
 f - a +0 helmet (worn)
 o - a +3 leather armour
Jewellery
 g - an uncursed amulet of rage
 h - the amulet "Heapt" (around neck) {Acrobat *Contam rPois rC+}
   (Xom gifted it to you on level 4 of the Dungeon)

   [amulet of the acrobat]

   It helps you evade while moving and waiting.
   It protects you from cold.
   It protects you from poison.
   It causes magical contamination when unequipped.
Wands
 e - a wand of flame (9)
 j - a wand of random effects (26)
Scrolls
 i - 2 scrolls of remove curse
 k - a scroll of enchant weapon
 l - 2 scrolls of fog
 m - 2 scrolls of fear {unknown}
 n - a scroll of blinking {unknown}
 r - 2 scrolls of brand weapon {unknown}
 s - 2 scrolls of identify
Potions
 p - 2 potions of might {unknown}
 q - 2 potions of magic {unknown}
 v - a potion of invisibility {unknown}
Comestibles
 c - 7 rations


   Skills:
 - Level 2.6 Fighting
 + Level 9.2 Axes
 - Level 2.1 Armour
 - Level 1.1 Dodging


You had 6 spell levels left.
You didn't know any spells.
Your spell library was empty.

Dungeon Overview and Level Annotations

Branches:
Dungeon (6/15)
 Temple: D:4-7

Altars:
Dithmenos
Gozag
Hepliaklqana
Kikubaaqudgha
Sif Muna
Zin
The Shining One


Innate Abilities, Weirdness & Mutations

You are resistant to damage.
You can heal yourself by infusing magical energy.
You passively map a small area around you.
You do not regenerate.


Message History

You see here a leather armour.
You now have 137 gold pieces (gained 13).
You now have 150 gold pieces (gained 13).
Things that are here:
a trident; an orc corpse An ogre comes into view.
It is wielding a giant club.
The ogre shouts!
An ogre is nearby!
Found a stone staircase leading down.
Evoke which item? (* to show all) (? for menu, Esc to quit)
Aiming: Random Effects
Press: ? - help, Shift-Dir - straight line, f - ogre
Aim: an ogre, wielding a giant club The mass of ice explodes!
The iceblast engulfs the ogre.
The ogre is heavily wounded.
You barely miss the ogre.
The ogre is heavily wounded.
The ogre hits you with a giant club!!
You die...
Xom guffaws!

,#...# *##...†♣....## >.
#...# ,#'.......'#, #.....
#...# #..##.....##..
#......#...###_. ###'###,._
#......#.....### #...#####
#............#,, ##.##....
###.....##...#.#.#####.#.....
,,
............O..#..<..........
#.....####@#########.######
#.............(# #.######
######.......>......#
#.......
##..............)....#
########
...[..............†<.# #
.....................# #
.....................# #
............####.##### #
............# #.# #


You could see an ogre.

Vanquished Creatures
  An ogre (D:5)
  A bullfrog (D:6)
  3 hounds
  A bullfrog skeleton (D:4)
  2 iguanas
  3 orc wizards (D:5)
  3 worker ants
  Robin (D:2)
  A gnoll (D:1)
  3 adders
  A shadow imp (D:6)
  4 oozes
  2 dart slugs
  2 leopard geckos
  4 orcs
  3 ball pythons
  A giant cockroach (D:1)
  15 goblins
  9 hobgoblins
  14 jackals
  10 bats
  3 frilled lizards (D:1)
  7 kobolds
  A leopard gecko skeleton (D:6)
  8 rats
103 creatures vanquished.

Vanquished Creatures (others)
  A scorpion (D:4)
  2 goblins (D:2)
3 creatures vanquished.

Grand Total: 106 creatures vanquished

Notes
Turn   | Place    | Note
-------+----------+-------------------------------------------
     0 | D:1      | rafko the Deep Dwarf Chaos Knight began the quest for the
                  | Orb.
     0 | D:1      | Reached XP level 1. HP: 20/20 MP: 1/1
    26 | D:1      | Reached skill level 4 in Axes
    26 | D:1      | Reached XP level 2. HP: 22/27 MP: 2/2
    98 | D:1      | XOM: divination: magic mapping
   188 | D:1      | Reached XP level 3. HP: 23/33 MP: 3/3
   284 | D:1      | XOM: harmless Tmut miscast
   435 | D:1      | Reached skill level 5 in Axes
   678 | D:2      | Noticed Robin
   678 | D:2      | XOM: potion effect (invisibility)
   687 | D:2      | Reached XP level 4. HP: 20/40 MP: 4/4
   712 | D:1      | XOM: cloud trail
   819 | D:2      | Killed Robin
   855 | D:2      | Reached skill level 6 in Axes
  1150 | D:4      | Noticed a phantom
  1163 | D:3      | XOM: mild Hex miscast
  1198 | D:4      | XOM: enchant monster (good)
  1211 | D:4      | XOM: fog
  1211 | D:4      | HP: 2/40 [bullfrog skeleton (2)]
  1215 | D:4      | Reached XP level 5. HP: 7/46 MP: 5/5
  1273 | D:4      | XOM: divine lightning
  1310 | D:4      | XOM: god gift: vibrating ruby amulet {god gift}
  1311 | D:4      | Got a vibrating ruby amulet {god gift}
  1313 | D:4      | Identified the amulet "Heapt" {Acrobat *Contam rPois rC+}
                  | (Xom gifted it to you on level 4 of the Dungeon)
  1346 | D:4      | Noticed an ogre
  1357 | D:5      | Entered Level 5 of the Dungeon
  1405 | D:5      | Noticed an ogre
  1416 | D:5      | Killed an ogre
  1416 | D:5      | Reached skill level 7 in Axes
  1416 | D:5      | Reached XP level 6. HP: 17/55 MP: 6/6
  1485 | D:5      | XOM: divination: magic mapping
  1507 | D:6      | XOM: noise
  1520 | D:6      | XOM: summons 4 friendly demons
  1873 | D:6      | Reached skill level 8 in Axes
  1880 | D:6      | Found an ancient bone altar of Kikubaaqudgha.
  1885 | D:6      | Found a hazy altar of Hepliaklqana.
  1889 | D:6      | Found an opulent altar of Gozag.
  1900 | D:6      | Found a shadowy altar of Dithmenos.
  1905 | D:6      | Found a deep blue altar of Sif Muna.
  1912 | D:6      | Found a glowing golden altar of the Shining One.
  1921 | D:6      | Found a glowing silver altar of Zin.
  1982 | D:5      | XOM: summons friendly ufetubus
  2004 | D:5      | Reached XP level 7. HP: 20/61 MP: 7/7
  2190 | D:5      | Reached skill level 9 in Axes
  2316 | D:6      | Slain by an ogre

Skill      XL: |  1  2  3  4  5  6  7 |
---------------+----------------------+-----
Axes           | 4 5 6 7 8 9 |  9.2
Fighting       | |  2.6
Armour         | |  2.1
Dodging        | |  1.1

Action                   |  1- 3 |  4- 6 |  7- 9 || total
-------------------------+-------+-------+-------++-------
Melee: Hand axe          |   120 |   141 |    38 ||   299
 Abil: Heal Wounds       |       |       |     1 ||     1
Evoke: Wand              |       |    15 |     4 ||    19
  Use: Scroll            |     3 |     1 |       ||     4
       Potion            |       |     5 |       ||     5
 Stab: Invisible         |     2 |     3 |       ||     5
       Paralysed         |       |     2 |       ||     2
       Sleeping          |       |     2 |       ||     2
       Petrifying        |       |       |     1 ||     1
  Eat: Chunk             |       |     3 |     2 ||     5
Armor: Leather armour    |    42 |    41 |    16 ||    99
Dodge: Dodged            |    79 |    86 |    10 ||   175
